 Dungeon Crawl Stone Soup version 0.31-a0-1405-g2bb1a01664 (webtiles) character file.

Game seed: 12456167183957902774

17290 browni3141 the Grappler (level 12, 0/88 (93) HPs)
             Began as a Formicid Shapeshifter on Dec 25, 2023.
             Was a Priest of Ru.
             Slain by a troll (5 damage)
             ... on level 9 of the Dungeon.
             The game lasted 00:23:03 (13231 turns).

browni3141 the Grappler (Formicid Shapeshifter)    Turns: 13231, Time: 00:23:03

HP:   0/88 (93)     AC:  3    Str: 24    XL:     12   Next: 80%
MP:   12/12         EV: 21    Int: 10    God:    Ru [***...]
Gold: 739           SH:  5    Dex: 13    Spells: 11/11 levels left

rFire   + .          .
                       - Unarmed
rCold   . . .        (shield currently unavailable)
rNeg    . . .        Y - melded +5 chain mail of Fashionability {Regen+}
rPois   .            (helmet unavailable)
rElec   .            s - +1 cloak {rCorr}
rCorr   +            (no gloves)
SInv    +            A - +0 pair of boots
Will    +....        R - amulet of reflection
Stlth   +            r - ring of protection from fire
HPRegen 0.34/turn    G - +5 ring of evasion
MPRegen 0.13/turn

%: reflection
@: exhausted, flux-form, glowing, drained
A: glow, contaminating, permanent stasis, dig shafts and tunnels, antennae 3, no
hexes magic, no ice magic, no translocations magic, unskilled 2, four strong
arms
a: Dig, Shaft Self, Begin Untransformation, Renounce Religion, Draw Out Power


You were on level 9 of the Dungeon.
You worshipped Ru.
Ru was most pleased with you.
You were something dangerously unstable.
You visited 1 branch of the dungeon, and saw 12 of its levels.

You collected 739 gold pieces.

Inventory:

Missiles
 E - a throwing net
Armour
 i - a +1 pair of gloves
 s - a +1 cloak of preservation (worn)
 A - a +0 pair of boots (worn)
 Y - the +5 chain mail of Fashionability (melded) {Regen+}
   (You found it on level 9 of the Dungeon)

   Regen+:    It increases your rate of health regeneration.
Jewellery
 f - a ring of magical power
 p - a ring of protection from fire
 r - a ring of protection from fire (left hand)
 F - a ring of fire
 G - a +5 ring of evasion (right hand)
 I - an amulet of magic regeneration
 J - an amulet of guardian spirit
 R - an amulet of reflection (around neck)
 S - the ring "Tufonk" {Fly rElec rN+ Dex-4}
   (You found it on level 8 of the Dungeon)

   [ring of flight]

   Dex-4:     It affects your dexterity (-4).
   rElec:     It insulates you from electricity.
   rN+:       It protects you from negative energy.
   Fly:       It grants you flight.
Talismans
 a - a blade talisman
 c - a beast talisman
 d - a flux talisman (active)
Wands
 L - a wand of digging (13)
 M - a wand of iceblast (5)
 O - a wand of light (9)
 T - a wand of flame (9)
 V - a wand of polymorph (8)
Scrolls
 e - 2 scrolls of identify
 g - a scroll of poison
 j - 2 scrolls of enchant weapon {unknown}
 k - 2 scrolls of fear {unknown}
 l - 2 scrolls of noise
 m - 3 scrolls of revelation
 n - 3 scrolls of fog {unknown}
 v - a scroll of torment {unknown}
 y - 2 scrolls of immolation {unknown}
 z - 2 scrolls of vulnerability {unknown}
 C - 2 scrolls of brand weapon {unknown}
 H - a scroll of enchant armour {unknown}
 K - 6 scrolls of teleportation {unknown}
 N - a scroll of amnesia {unknown}
 Q - a scroll of silence {unknown}
 W - a scroll of blinking {unknown}
 Z - a scroll of butterflies {unknown}
Potions
 b - 2 potions of lignification
 h - a potion of berserk rage
 o - 2 potions of mutation {unknown}
 q - 2 potions of magic
 u - 3 potions of might
 w - a potion of brilliance {unknown}
 x - 6 potions of curing
 B - a potion of cancellation {unknown}
 D - 2 potions of degeneration {unknown}
 U - a potion of attraction {unknown}
 X - a potion of haste {unknown}


   Skills:
 - Level 8.2 Fighting
 - Level 5.0 Armour
 - Level 1.3 Dodging
 - Level 4.1 Stealth
 - Level 10.7 Unarmed Combat
 - Level 5.0 Evocations
 * Level 9.0 Shapeshifting


You had 11 spell levels left.
You didn't know any spells.
Your spell library contained the following spells:

 Spells                   Type           Power      Damage    Failure   Level
 Magic Dart               Conj           0%         1d3       36%         1
 Necrotise                Necr           0%         1d4       36%         1
 Call Imp                 Summ           0%         N/A       50%         2
 Cigotuvi's Dreadful Rot  Necr/Alch/Air  0%         N/A       50%         2
 Mercury Vapours          Alch/Air       0%         N/A       50%         2
 Searing Ray              Conj           0%         2d4       50%         2
 Mephitic Cloud           Conj/Alch/Air  0%         N/A       75%         3
 Vampiric Draining        Necr           0%         2d6       75%         3
 Fulminant Prism          Conj/Alch      0%         3d5       98%         4
 Ignite Poison            Fire/Alch      0%         N/A       98%         4
 Agony                    Necr           0%         N/A       100%        5
 Blink                    Tloc           Unusable   N/A       N/A         2
 Lesser Beckoning         Tloc           Unusable   N/A       N/A         2
 Gell's Gravitas          Tloc           Unusable   N/A       N/A         3
 Teleport Other           Tloc           Unusable   N/A       N/A         3
 Tukima's Dance           Hex            Unusable   N/A       N/A         3
 Dimensional Bullseye     Hex/Tloc       Unusable   N/A       N/A         4
 Iskenderun's Mystic Bla  Conj/Tloc      Unusable   2d3       N/A         4
 Freezing Cloud           Conj/Ice/Air   Unusable   6-21      N/A         5

Dungeon Overview and Level Annotations

Branches:
Dungeon (12/15)            Temple (0/1) D:4            Lair (0/5) D:9
    Orc (0/2) D:9

Altars:
Elyvilon
Kikubaaqudgha
Ru
Uskayaw
Wu Jian
Xom
Yredelemnul

Shops:
D:11 =


Innate Abilities, Weirdness & Mutations

You are something dangerously unstable.
You glow with magical radiation, making you easy to see and hit.
Foes you strike become dangerously contaminated with magical radiation.
You are incapable of wielding weapons or throwing items.
You cannot be hasted, slowed, berserked, paralysed or teleported.
You can dig through walls and to a lower floor.
You have a pair of large antennae on your head. (SInv)
You cannot study or cast Hexes magic.
You cannot study or cast Ice magic.
You cannot study or cast Translocations magic.
You are unskilled. (-2 Apt)
Your four strong arms can wield two-handed weapons with a shield.


Message History

a +0 giant club; a +0 giant spiked club The troll attacks as it pursues you!
The troll completely misses you. The troll claws you!
* * * LOW HITPOINT WARNING * * *
You block the troll's attack.
There is a stone staircase leading up, spattered with blood here.
The troll closely misses you. The troll misses you.
The troll completely misses you.
You climb upwards.
There is a stone staircase leading down, spattered with blood here.
Unknown command.
You are restored by drawing out deep reserves of power within.
You feel drained. The troll misses you. The troll claws you! x2
* * * LOW HITPOINT WARNING * * *
You are too injured to fight recklessly!
You are too injured to fight recklessly!
You are too injured to fight recklessly!
You punch the troll!
The troll begins to glow.
The troll is moderately wounded.
You barely miss the troll.
The troll is moderately wounded.
The troll barely misses you. The troll claws you!
* * * LOW HITPOINT WARNING * * *
The troll misses you.
You barely miss the troll.
The troll is lightly wounded.
The troll bites you.
* * * LOW HITPOINT WARNING * * *
You block the troll's attack. The troll closely misses you.
You hit the troll.
The troll glows dangerously bright.
The troll is moderately wounded.
The troll closely misses you. The troll completely misses you.
The troll claws you.
* * * LOW HITPOINT WARNING * * *
You barely miss the troll.
The troll is moderately wounded.
The troll barely misses you. The troll claws you.
* * * LOW HITPOINT WARNING * * *
The troll claws you.
You die...

.⌠♣.^_~~.⌠..#......#.............
##._≈♣_≈~####......##.....###...#
#.♣.##~~############.....###...#
##.^.^###..........#.......#....
##.#.##.......>...#.......#....
##⌠##.........)..#.......#....
#...............#.......'....
##.............[#.......#...#
#.........Tp...#.......#...#
#...........[..'.......#....
#....###...##.##.##...##.<.#
#....###...##.##'##...##...#
#......#...#......#.........
#......#...#[.....#........#
#......#)..#......#........#
#......#<..#......#........#
#......#...#......#........#


You could see a troll (heavy contam).

Vanquished Creatures
  A hydra (D:9)
  Erolcha (D:9)
  5 two-headed ogres
  A boulder beetle (D:9)
  2 deep elf pyromancers (D:10)
  Pikel (D:7)
  2 manticores (D:11)
  Maurice (D:8)
  2 cyclopes
  2 gargoyles
  3 unseen horrors
  2 trolls
  Prince Ribbit (D:5)
  A hornet (D:7)
  2 wraiths
  The ghost of MisterAzrael the Conjurer, an amateur DECj of Sif Muna (D:4)
  3 wyverns
  A shadow (D:11)
  9 yaks
  A vampire (D:11)
  2 steam dragons
  Edmund (D:4)
  2 acid dragons
  8 orc warriors
  2 ice beasts
  A sky beast (D:8)
  A black bear (D:5)
  An ogre (D:5)
  7 centaurs
  2 phantoms
  Blork the orc (D:4)
  3 bullfrogs
  A scorpion (D:6)
  2 gnoll sergeants
  13 wights
  A howler monkey (D:10)
  An electric eel (D:10)
  Crazy Yiuf (D:4)
  A gnoll bouda (D:10)
  A hound (D:5)
  A bombardier beetle (D:5)
  3 jellies
  10 orc priests
  Terence (D:3)
  3 iguanas
  A sleepcap (D:4)
  6 orc wizards
  3 adders
  11 gnolls
  A shadow imp (D:5)
  2 white imps
  6 ufetubi
  3 dart slugs
  36 orcs
  6 ball pythons
  10 endoplasms
  4 giant cockroaches
  3 hobgoblins
  15 jackals
  2 kobolds (D:4)
  6 quokkas
  7 bats
  5 frilled lizards
  6 goblins
  5 rats
250 creatures vanquished.

Vanquished Creatures (others)
  A two-headed ogre (D:10)
  A vampire mosquito (D:10)
2 creatures vanquished.

Grand Total: 252 creatures vanquished

Notes
Turn   | Place    | Note
-------+----------+-------------------------------------------
     0 | D:1      | browni3141 the Formicid Shapeshifter began the quest for
                  | the Orb.
     0 | D:1      | Reached XP level 1. HP: 15/15 MP: 1/1
   348 | D:1      | Reached skill level 1 in Stealth
   373 | D:1      | Reached XP level 2. HP: 20/21 MP: 2/2
   488 | D:1      | Found a faded altar of an unknown god.
  1243 | D:2      | Reached XP level 3. HP: 26/26 MP: 3/3
  1897 | D:3      | Reached XP level 4. HP: 32/32 MP: 4/4
  2176 | D:3      | Noticed Terence
  2294 | D:3      | Noticed a phantom
  2319 | D:3      | Killed a phantom
  2320 | D:3      | Reached XP level 5. HP: 38/38 MP: 5/5
  3124 | D:3      | Killed Terence
  3125 | D:3      | Reached skill level 4 in Unarmed Combat
  3155 | D:4      | Reached XP level 6. HP: 29/44 MP: 6/6
  3273 | D:4      | Reached skill level 5 in Stealth
  3492 | D:4      | Noticed Edmund
  3652 | D:4      | Found a runed translucent door.
  3666 | D:4      | Noticed MisterAzrael's ghost (amateur DECj)
  3823 | D:4      | Noticed Blork the orc
  3830 | D:4      | Killed Blork the orc
  3831 | D:4      | Reached skill level 5 in Unarmed Combat
  3959 | D:4      | Reached XP level 7. HP: 29/52 MP: 7/7
  4043 | D:4      | Found a staircase to the Ecumenical Temple.
  4067 | D:4      | Found a sacrificial altar of Ru.
  4263 | D:4      | Became a worshipper of Ru the Awakened
  4549 | D:5      | Entered Level 5 of the Dungeon
  4646 | D:5      | Noticed a wyvern
  4665 | D:4      | Killed a wyvern
  4860 | D:5      | Reached XP level 8. HP: 43/60 MP: 8/8
  4915 | D:5      | Noticed Prince Ribbit
  4942 | D:5      | Killed Prince Ribbit
  4943 | D:5      | Reached skill level 6 in Unarmed Combat
  4943 | D:5      | Reached skill level 5 in Shapeshifting
  5052 | D:5      | Found a white marble altar of Elyvilon.
  5839 | D:6      | Gained mutation: You are somewhat unskilled. (-1 Apt) [Ru
                  | sacrifice]
  5839 | D:6      | Reached * piety under Ru
  5852 | D:6      | Identified the +5 hand axe "Murmur" {flame, rC+}
  6007 | D:6      | Reached XP level 9. HP: 62/66 MP: 9/9
  6634 | D:4      | Killed Edmund
  6635 | D:4      | Reached skill level 7 in Unarmed Combat
  6691 | D:4      | Found a runed translucent door.
  6692 | D:4      | Noticed Crazy Yiuf
  6698 | D:4      | Killed Crazy Yiuf
  6766 | D:4      | Killed MisterAzrael's ghost
  6767 | D:4      | Reached skill level 5 in Fighting
  7100 | D:7      | Noticed Pikel
  7111 | D:7      | Killed Pikel
  7135 | D:7      | Noticed a hornet
  7154 | D:7      | Killed a hornet
  7155 | D:7      | Reached skill level 8 in Unarmed Combat
  7382 | D:7      | Reached XP level 10. HP: 76/76 MP: 10/10
  7681 | D:7      | Found a hide-covered altar of Uskayaw.
  8703 | D:8      | Reached skill level 9 in Unarmed Combat
  8812 | D:8      | Identified the ring "Tufonk" {Fly rElec rN+ Dex-4}
  8850 | D:8      | Noticed Maurice
  8865 | D:8      | Killed Maurice
  8992 | D:8      | Gained mutation: You cannot study or cast Ice magic. [Ru
                  | sacrifice]
  8992 | D:8      | Gained mutation: You cannot study or cast Hexes magic. [Ru
                  | sacrifice]
  8992 | D:8      | Gained mutation: You cannot study or cast Translocations
                  | magic. [Ru sacrifice]
  8992 | D:8      | Reached ** piety under Ru
  9167 | D:9      | Noticed a two-headed ogre
  9181 | D:9      | Killed a two-headed ogre
  9263 | D:9      | Found a shimmering altar of Xom.
  9263 | D:9      | Found a shimmering altar of Xom.
  9264 | D:9      | Found a shimmering altar of Xom.
  9264 | D:9      | Found a shimmering altar of Xom.
  9265 | D:9      | Found a shimmering altar of Xom.
  9266 | D:9      | Found a shimmering altar of Xom.
  9266 | D:9      | Found a shimmering altar of Xom.
  9300 | D:9      | Noticed Erolcha
  9306 | D:9      | Killed Erolcha
  9307 | D:9      | Reached skill level 10 in Unarmed Combat
  9445 | D:9      | Found a staircase to the Lair.
  9609 | D:9      | Reached XP level 11. HP: 74/82 MP: 11/11
  9828 | D:9      | Identified the +5 chain mail of Fashionability {Regen+}
  9868 | D:9      | Reached skill level 1 in Evocations
 10176 | D:9      | Found a staircase to the Orcish Mines.
 10406 | D:10     | Entered Level 10 of the Dungeon
 10414 | D:10     | Reached skill level 1 in Armour
 10419 | D:10     | Noticed a brown ugly thing
 10419 | D:10     | Noticed a two-headed ogre
 10420 | D:10     | Noticed an eight-headed hydra
 10422 | D:10     | Noticed a deep elf pyromancer
 10432 | D:10     | Killed a two-headed ogre
 10433 | D:10     | Reached skill level 11 in Unarmed Combat
 10433 | D:10     | Noticed a boulder beetle
 10472 | D:10     | Noticed a two-headed ogre
 10564 | D:9      | You fall into a shaft and drop 3 floors!
 10712 | D:12     | Noticed a cyclops
 10728 | D:12     | Killed a cyclops
 10969 | D:12     | Noticed a two-headed ogre
 10983 | D:12     | Killed a two-headed ogre
 11145 | D:11     | Noticed a two-headed ogre
 11150 | D:11     | Killed a two-headed ogre
 11176 | D:11     | Reached XP level 12. HP: 50/94 MP: 12/12
 11297 | D:11     | Gained mutation: You are unskilled. (-2 Apt) [Ru sacrifice]
 11297 | D:11     | Reduced skill Unarmed Combat to level 10
 11297 | D:11     | Reached *** piety under Ru
 11386 | D:11     | Found Xellobb's One-of-a-Kind Rings.
 11828 | D:11     | Reached skill level 5 in Armour
 12025 | D:10     | Killed a two-headed ogre
 12044 | D:10     | Noticed a two-headed ogre
 12118 | D:9      | HP: 3/93 [eight-headed hydra (11)]
 12126 | D:9      | Killed an eight-headed hydra
 12339 | D:10     | Noticed a two-headed ogre
 12351 | D:10     | Killed a two-headed ogre
 12369 | D:10     | Reached skill level 5 in Evocations
 12587 | D:10     | Noticed a boulder beetle
 12612 | D:9      | Killed a boulder beetle
 13194 | D:10     | Found a basalt altar of Yredelemnul.
 13194 | D:10     | Found a shimmering altar of Xom.
 13196 | D:10     | Found an ornate altar of the Wu Jian Council.
 13196 | D:10     | Found an ancient bone altar of Kikubaaqudgha.
 13231 | D:9      | Slain by a troll

Illustrated notes

Levels and vault maps discovered:
D:1:      dpeg_arrival_water_fire, layout_loops_ring,
          nicolae_ecumenical_lake_church
D:2:      layout_loops_ring
D:3:      layout_basic, uniq_terence
D:4:      layout_loops_ring, nicolae_ru_the_path_less_chosen, temple_hall,
          hellmonk_ghost_happy_afterlife, uniq_crazy_yiuf_cottage,
          uniq_blork_the_orc, uniq_edmund
D:5:      layout_gridville, elyvilon_altar_1, corner_web_ring, nicolae_titane,
          uniq_prince_ribbit1
D:6:      layout_loops_ring, nicolae_concentric_dashed_squares_wild
D:7:      layout_layer_cave, general_overflow_altar,
          minmay_misc_feat_more_columns, hangedman_decor_clover_reticule,
          uniq_pikel
D:8:      layout_basic, uniq_maurice
D:9:      layout_gridville, xom_redecorated, dpeg_oklobed_lair, david_orc_4,
          uniq_erolcha
D:10:     minmay_the_grid_octo_tiled_octocenter
          [minmay_the_grid_octo_concentric, minmay_the_grid_octo_checkered,
          minmay_the_grid_octo_horde, minmay_the_grid_octo_shrine,
          minmay_the_grid_octo_prize_ultimate_mussel_roller,
          minmay_the_grid_square_5x5_trominoes,
          minmay_the_grid_square_5x5_fat_x, minmay_the_grid_square_5x5_plus,
          minmay_the_grid_square_5x5_inner_v], layout_cave_pools,
          nicolae_overflow_two_pavilions, bh_walls_and_bars
D:11:     layout_loops_corners, nicolae_shop_unique_rings
D:12:     layout_rooms

Skill      XL: |  1  2  3  4  5  6  7  8  9 10 11 12 |
---------------+-------------------------------------+-----
Stealth        | 1 2 3 4 5 4 |  4.1
Fighting       | 2 3 4 6 7 8 8 |  8.2
Unarmed Combat | 4 5 6 8 10 11 10 | 10.7
Shapeshifting  | 4 5 7 9 |  9.0
Evocations     | 3 5 |  5.0
Armour         | 4 5 |  5.0
Dodging        | |  1.3

Action                     |  1- 3 |  4- 6 |  7- 9 | 10-12 || total
---------------------------+-------+-------+-------+-------++-------
  Melee: Unarmed           |    17 |   123 |   199 |   494 ||   833
         Short sword       |    62 |    61 |       |       ||   123
         Punch             |       |     2 |     4 |     9 ||    15
         Hand axe          |       |       |     8 |       ||     8
 Invoke: Sacrifice Skill   |       |       |     1 |     1 ||     2
         Sacrifice Arcana  |       |       |       |     1 ||     1
         Draw Out Power    |       |       |       |     3 ||     3
Ability: Dig               |       |       |       |     1 ||     1
         Shaft Self        |       |       |       |     1 ||     1
  Evoke: Wand              |       |       |     6 |     9 ||    15
    Use: Scroll            |       |       |     7 |     1 ||     8
         Potion            |       |       |       |     6 ||     6
   Stab: Sleeping          |       |     1 |     1 |     1 ||     3
         Invisible         |       |       |     1 |     2 ||     3
         Distracted        |       |       |       |     1 ||     1
 Armour: Scale mail        |    31 |   110 |    71 |       ||   212
         Ring mail         |     5 |       |       |       ||     5
         Skin              |       |     2 |    17 |   153 ||   172
         Chain mail        |       |       |       |    97 ||    97
  Dodge: Dodged            |    34 |    83 |   128 |   457 ||   702
  Block: Other             |       |       |       |    53 ||    53
         Reflection        |       |       |       |     2 ||     2
   Form: Flux              |       |     1 |     1 |     2 ||     4
         Beast             |       |     1 |       |     1 ||     2
         Blade             |       |       |       |     2 ||     2

Table legend: (Time is in decaauts)
 A = Elapsed time spent in this place.
 B = Non-inter-level travel time spent in this place.
 C = Inter-level travel time spent in this place.
 D = Time resting spent in this place.
 E = Time spent auto-exploring this place.
 F = Levels seen in this place.
 G = Mean time per level.
                   A        B        C        D        E       F      G
               +--------+--------+--------+--------+--------+-----+--------+
         Total |  13119 |  12504 |    615 |   1562 |   8711 |  12 | 1093.2 |
       Dungeon |  13119 |  12504 |    615 |   1562 |   8711 |  12 | 1093.2 |
               +--------+--------+--------+--------+--------+-----+--------+

Top non-repeatable levels by time:
     D:9: 2337 daAuts
     D:4: 1737 daAuts
     D:7: 1400 daAuts
     D:6: 1145 daAuts
     D:3: 1132 daAuts
     D:1: 1109 daAuts
     D:2: 904 daAuts
    D:11: 873 daAuts
     D:5: 856 daAuts
     D:8: 830 daAuts
    D:12: 546 daAuts
    D:10: 245 daAuts
